 Dungeon Crawl Stone Soup version 0.28.0-43-g3370ac3207 (webtiles) character file.

Game seed: 16976147999155823370

166 Ablot the Grasshopper (level 5, -2/43 HPs)
             Began as a Gnoll Warper on Mar 11, 2022.
             Slain by an orc
             ... wielding a +0 short sword
              (4 damage)
             ... on level 3 of the Dungeon.
             The game lasted 00:02:39 (2869 turns).

Ablot the Grasshopper (Gnoll Warper)                Turns: 2869, Time: 00:02:40

Health: -2/43      AC:  5    Str: 12    XL:     5   Next: 47%
Magic:  12/12      EV: 13    Int: 12    God:
Gold:   112        SH:  0    Dex: 12    Spells: 12/14 levels left

rFire   . . .      SeeInvis .   a - +0 spear
rCold   . . .      Faith    .   (no shield)
rNeg    . . .      Spirit   .   b - +0 leather armour
rPois   +          Reflect  .   (no helmet)
rElec   .          Harm     .   (no cloak)
rCorr   .          Rampage  .   (no gloves)
Will    .....                   f - +1 pair of boots
Stlth   +.........              (no amulet)
HPRegen 0.14/turn               h - ring of poison resistance
MPRegen 0.13/turn               (no ring)

@: no status effects
A: fangs 1, strong nose, distributed training
a: no special abilities


You were on level 3 of the Dungeon.
You visited 1 branch of the dungeon, and saw 3 of its levels.

You collected 112 gold pieces.

Inventory:

Hand Weapons
 a - a +0 spear (weapon)
Missiles
 d - 5 boomerangs of dispersal
 g - 57 stones
 i - 5 poisoned darts (quivered)
 k - 19 sling bullets
 m - 26 bolts
 u - 3 boomerangs
Armour
 b - a +0 leather armour (worn)
 f - a +1 pair of boots (worn)
Magical Staves
 o - a staff of earth
Jewellery
 h - a ring of poison resistance (left hand)
Wands
 v - a wand of flame (23)
Scrolls
 c - a scroll of blinking
 j - 3 scrolls of teleportation {unknown}
 n - a scroll of noise {unknown}
 q - a scroll of identify {unknown}
 r - a scroll of enchant weapon {unknown}
 s - a scroll of magic mapping {unknown}
Potions
 e - 2 potions of attraction {unknown}
 l - 2 potions of flight {unknown}
 p - 2 potions of curing {unknown}
 t - a potion of brilliance {unknown}


   Skills:
 + Level 4.8 Fighting
 + Level 1.5 Short Blades
 + Level 1.5 Long Blades
 + Level 1.5 Axes
 + Level 1.5 Maces & Flails
 + Level 4.8 Polearms
 + Level 1.5 Staves
 + Level 1.5 Slings
 + Level 1.5 Bows
 + Level 1.5 Crossbows
 + Level 3.0 Throwing
 + Level 3.0 Armour
 + Level 4.8 Dodging
 + Level 1.5 Stealth
 + Level 1.5 Shields
 + Level 1.5 Unarmed Combat
 + Level 5.2 Spellcasting
 + Level 1.2 Conjurations
 + Level 1.2 Hexes
 + Level 1.2 Summonings
 + Level 1.2 Necromancy
 + Level 5.5 Translocations
 + Level 1.2 Transmutations
 + Level 1.2 Fire Magic
 + Level 1.2 Ice Magic
 + Level 1.2 Air Magic
 + Level 1.2 Earth Magic
 + Level 1.2 Poison Magic
 + Level 1.7 Invocations
 + Level 1.5 Evocations


You had 12 spell levels left.
You knew the following spells:

 Your Spells              Type           Power      Damage    Failure   Level
a - Blink                 Tloc           32%        N/A       3%          2

Your spell library contained the following spells:

 Spells                   Type           Power      Damage    Failure   Level
 Gell's Gravitas          Tloc           16%        N/A       8%          3
 Lesser Beckoning         Tloc           16%        N/A       8%          3
 Teleport Other           Tloc           16%        N/A       8%          3
 Manifold Assault         Tloc           16%        N/A       56%         5


Dungeon Overview and Level Annotations

Branches:
Dungeon (3/15)

Altars:
Dithmenos
Gozag
Wu Jian

Annotations:
D:3 2 transporters, Elsvaer's ghost, amateur DECj


Innate Abilities, Weirdness & Mutations

You have very sharp teeth.
Your uncanny sense of smell can sniff out nearby items.
Your experience applies equally to all skills.


Message History

You miss something. Something hits you.
You barely miss something.
You hear some strange, mumbled words.
A puff of flame appears from out of thin air!
The puff of flame hits you but does no damage.
You closely miss something. Your bite misses something. Something hits you.
You hit something.
You hear some strange, mumbled words.
You are confused.
You bump into the rock wall.
You hear some strange, mumbled words.
Something tries to affect you, but you resist.
You barely miss something. Your bite misses something.
You bump into the rock wall.
Something hits you.
You hit something.
You hear some strange, mumbled words.
A magic dart appears from out of thin air!
The magic dart hits you.
* * * LOW HITPOINT WARNING * * *
A magic dart appears from out of thin air!
The magic dart hits you.
* * * LOW HITPOINT WARNING * * *
You feel less confused.
You hear some strange, mumbled words.
Something tries to affect you, but you resist.
You hit something but do no damage. Something hits you but does no damage.
You barely miss something. Something hits you but does no damage.
You completely miss something.
You hear some strange, mumbled words.
A puff of flame appears from out of thin air!
The puff of flame hits you!
* * * LOW HITPOINT WARNING * * *
You hit something.
Reactivating autopickup.
You feel a bit more experienced.
Your Throwing skill increases to level 3!
Your Armour skill increases to level 3!
You closely miss the orc. The orc closely misses you.
You closely miss the orc. The orc hits you with a +0 short sword.
You die...

#..##........## ...#..o.......
.. #...ooo.....# .. #..........#
.# #..........##.#
######.......#.....##
..........#### ...?
......###...#####.###
......###.#..)oo@...##.........#
.............####...##.........#
.......#####........##.........#
.......# #####.....#.........#
.......# ##.#..<..........#
....#..########................#
#.##..###...........##.........#
#.........##.......<...........#
...#.#######.>..########.###.###


You could see 2 orcs.

Vanquished Creatures
  An orc priest (D:3)
  An orc wizard (D:3)
  5 adders
  2 dart slugs
  6 orcs (D:3)
  10 bats
  5 endoplasms
  2 giant cockroaches
  5 goblins
  5 hobgoblins
  2 quokkas (D:1)
  4 ball pythons
  5 frilled lizards
  2 kobolds
  4 rats
59 creatures vanquished.

Notes
Turn   | Place    | Note
-------+----------+-------------------------------------------
     0 | D:1      | Ablot the Gnoll Warper began the quest for the Orb.
     0 | D:1      | Reached XP level 1. HP: 20/20 MP: 6/6
   398 | D:1      | Reached XP level 2. HP: 26/26 MP: 7/7
   401 | D:1      | Learned a level 2 spell: Blink
   745 | D:1      | Reached XP level 3. HP: 26/31 MP: 9/9
   757 | D:1      | Reached skill level 5 in Spellcasting
  1192 | D:2      | Reached skill level 1 in Invocations
  1471 | D:2      | Reached skill level 1 in Short Blades
  1471 | D:2      | Reached skill level 1 in Long Blades
  1471 | D:2      | Reached skill level 1 in Axes
  1471 | D:2      | Reached skill level 1 in Maces & Flails
  1471 | D:2      | Reached skill level 1 in Staves
  1471 | D:2      | Reached skill level 1 in Slings
  1471 | D:2      | Reached skill level 1 in Bows
  1471 | D:2      | Reached skill level 1 in Crossbows
  1471 | D:2      | Reached skill level 1 in Stealth
  1471 | D:2      | Reached skill level 1 in Shields
  1471 | D:2      | Reached skill level 1 in Unarmed Combat
  1471 | D:2      | Reached skill level 1 in Evocations
  1757 | D:2      | Reached XP level 4. HP: 36/38 MP: 11/11
  2061 | D:3      | Found a transporter.
  2065 | D:3      | Noticed Elsvaer's ghost (amateur DECj)
  2216 | D:3      | Found an ornate altar of the Wu Jian Council.
  2216 | D:3      | Found a shadowy altar of Dithmenos.
  2331 | D:3      | Found a transporter.
  2346 | D:3      | Found an opulent altar of Gozag.
  2380 | D:3      | Reached skill level 1 in Conjurations
  2380 | D:3      | Reached skill level 1 in Hexes
  2380 | D:3      | Reached skill level 1 in Summonings
  2380 | D:3      | Reached skill level 1 in Necromancy
  2380 | D:3      | Reached skill level 1 in Transmutations
  2380 | D:3      | Reached skill level 1 in Fire Magic
  2380 | D:3      | Reached skill level 1 in Ice Magic
  2380 | D:3      | Reached skill level 1 in Air Magic
  2380 | D:3      | Reached skill level 1 in Earth Magic
  2380 | D:3      | Reached skill level 1 in Poison Magic
  2841 | D:3      | Reached XP level 5. HP: 36/43 MP: 12/12
  2866 | D:3      | HP: 1/43 [something/puff of flame (8)]
  2869 | D:3      | Slain by an orc

Illustrated notes

Levels and vault maps discovered:
D:1:      grunt_arrival_crossed_arrows, layout_basic
D:2:      layout_loops_ring
D:3:      layout_rooms, mainiacjoe_overflow_large_starburst,
          nicolae_gozag_seed_capital, gammafunk_ghost_stat_death,
          minmay_fractal_squares_5

Skill      XL: |  1  2  3  4  5 |
---------------+----------------+-----
Spellcasting   | 5 |  5.2
Invocations    | 1 |  1.7
Short Blades   | 1 |  1.5
Long Blades    | 1 |  1.5
Axes           | 1 |  1.5
Maces & Flails | 1 |  1.5
Staves         | 1 |  1.5
Slings         | 1 |  1.5
Bows           | 1 |  1.5
Crossbows      | 1 |  1.5
Stealth        | 1 |  1.5
Shields        | 1 |  1.5
Unarmed Combat | 1 |  1.5
Evocations     | 1 |  1.5
Conjurations   | 1 |  1.2
Hexes          | 1 |  1.2
Summonings     | 1 |  1.2
Necromancy     | 1 |  1.2
Transmutations | 1 |  1.2
Fire Magic     | 1 |  1.2
Ice Magic      | 1 |  1.2
Air Magic      | 1 |  1.2
Earth Magic    | 1 |  1.2
Poison Magic   | 1 |  1.2
Throwing       | 3 |  3.0
Armour         | 3 |  3.0
Fighting       | |  4.8
Polearms       | |  4.8
Dodging        | |  4.8
Translocations | |  5.5

Action                   |  1- 3 |  4- 6 || total
-------------------------+-------+-------++-------
Melee: Spear             |   149 |   114 ||   263
       Bite              |     9 |    13 ||    22
       Punch             |     2 |     1 ||     3
 Stab: Sleeping          |     3 |     1 ||     4
Armor: Leather armour    |    35 |    21 ||    56
Dodge: Dodged            |    86 |    42 ||   128
